 Dungeon Crawl Stone Soup version 0.23-a0-584-g44dd78f (webtiles) character file.

144 Leeroy the Charmwright (level 5, -6/43 HPs)
             Began as a Gnoll Skald on Dec 17, 2018.
             Killed by divine providence
             ... invoked by an orc priest
              (13 damage)
             ... on level 3 of the Dungeon.
             The game lasted 00:05:20 (1835 turns).

Leeroy the Charmwright (Gnoll Skald)                Turns: 1835, Time: 00:05:20

Health: -6/43      AC:  4    Str: 13    XL:     5   Next: 27%
Magic:  11/12      EV: 14    Int: 16    God:
Gold:   73         SH:  0    Dex: 15    Spells: 3/14 levels left

rFire    . . .     SeeInvis .   a - +1 falchion
rCold    . . .     Gourm    .   (no shield)
rNeg     . . .     Faith    .   b - +0 leather armour
rPois    .         Spirit   .   (no helmet)
rElec    .         Reflect  .   (no cloak)
rCorr    .         Harm     .   r - +0 pair of gloves
MR       .....                  (no boots)
Stlth    ++........             (no amulet)
HPRegen  0.14/turn              (no ring)
MPRegen  0.13/turn              (no ring)

@: no status effects
A: distributed training, fangs 1, strong nose
a: no special abilities


You were on level 3 of the Dungeon.
You were hungry.

You visited 1 branch of the dungeon, and saw 3 of its levels.

You collected 73 gold pieces.

Inventory:

Hand Weapons
 a - a +1 falchion (weapon)
 g - a +0 dagger
 h - a +2 whip of venom
 q - a +0 war axe
 s - a +0 blowgun
Missiles
 c - 109 stones (quivered)
 m - 8 javelins
 p - 49 sling bullets
 t - 21 poisoned needles
 v - 7 needles of confusion
Armour
 b - a +0 leather armour (worn)
 e - a +0 plate armour
 r - a +0 pair of gloves (worn)
Jewellery
 l - an uncursed ring of magical power {unknown}
Scrolls
 j - a scroll of amnesia
Potions
 f - a potion of brilliance {unknown}
 i - a potion of haste {unknown}
 k - a potion of invisibility {unknown}
 w - a potion of agility {unknown}
 x - a potion of curing {unknown}
Comestibles
 d - 2 rations


   Skills:
 + Level 4.7 Fighting
 + Level 1.4 Short Blades
 + Level 4.7 Long Blades
 + Level 1.4 Axes
 + Level 1.4 Maces & Flails
 + Level 1.4 Polearms
 + Level 1.4 Staves
 + Level 1.4 Slings
 + Level 1.4 Bows
 + Level 1.4 Crossbows
 + Level 1.4 Throwing
 + Level 2.9 Armour
 + Level 4.7 Dodging
 + Level 1.4 Stealth
 + Level 1.4 Shields
 + Level 1.4 Unarmed Combat
 + Level 5.1 Spellcasting
 + Level 1.1 Conjurations
 + Level 1.1 Hexes
 + Level 5.5 Charms
 + Level 1.1 Summonings
 + Level 1.1 Necromancy
 + Level 1.1 Translocations
 + Level 1.1 Transmutations
 + Level 1.1 Fire Magic
 + Level 1.1 Ice Magic
 + Level 1.1 Air Magic
 + Level 1.1 Earth Magic
 + Level 1.1 Poison Magic
 + Level 1.5 Invocations
 + Level 1.4 Evocations


You had 3 spell levels left.
You knew the following spells:

 Your Spells              Type           Power        Failure   Level  Hunger
a - Infusion              Chrm           ###.         1%          1    None
b - Song of Slaying       Chrm           ###.....     3%          2    #......
c - Shroud of Golubria    Chrm/Tloc      ##........   8%          2    #......
d - Regeneration          Chrm/Necr      ##........   14%         3    ###....
e - Spectral Weapon       Hex/Chrm       ##......     14%         3    ###....

Your spell library contained the following spells:

 Spells                   Type           Power        Failure   Level  Hunger


Dungeon Overview and Level Annotations

Branches:
Dungeon (3/15)

Altars:


Innate Abilities, Weirdness & Mutations

Your experience applies equally to all skills.
You have very sharp teeth.
Your uncanny sense of smell can sniff out nearby items.


Message History

The orc priest is severely wounded.
The orc priest begins to cast a cantrip, but forgets the words!
The orc priest hits you.
You hit the orc priest.
The orc priest is severely wounded.
The orc priest calls down the wrath of Beogh upon you.
Beogh smites you!
The orc priest calls upon Beogh to heal the orc priest.
The orc priest is healed somewhat.
You hit the orc priest.
The orc priest is heavily wounded.
The orc hits you with a +0 flail.
Your shroud falls apart!
The orc priest casts a cantrip, but nothing happens.
The orc priest invokes the aid of Beogh against you.
Beogh smites you!
* * * LOW HITPOINT WARNING * * *
The orc priest invokes the aid of Beogh against you.
Beogh smites you!
You die...

#.# #.# #.# #.# #.# #.#
#.# #.# #.# #.# #.# #.#
#.# ##.## #.#
########.@.# #.#
.......oo#.### #.#
#......o.#...###.#######
#....o..####)...........
.........#.<.####.######
#........#.### .#
#.......... .#
#.......#.# .#
####.####.. ..


You could see 2 orc priests and 2 orcs.

Vanquished Creatures
  2 adders (D:2)
  5 gnolls
  3 oozes
  A dart slug (D:2)
  A leopard gecko (D:2)
  An orc (D:3)
  6 bats
  A giant cockroach (D:1)
  7 hobgoblins
  12 jackals
  9 kobolds
  4 frilled lizards
  4 goblins
  6 rats
62 creatures vanquished.

Notes
Turn   | Place    | Note
-------+----------+-------------------------------------------
     0 | D:1      | Leeroy the Gnoll Skald began the quest for the Orb.
     0 | D:1      | Reached XP level 1. HP: 20/20 MP: 6/6
    96 | D:1      | Reached XP level 2. HP: 15/26 MP: 7/7
   103 | D:1      | Learned a level 2 spell: Song of Slaying
   106 | D:1      | Learned a level 2 spell: Shroud of Golubria
   417 | D:1      | Reached XP level 3. HP: 26/31 MP: 9/9
   499 | D:1      | Reached skill level 5 in Spellcasting
   617 | D:1      | Reached skill level 1 in Invocations
   906 | D:2      | Reached skill level 1 in Short Blades
   906 | D:2      | Reached skill level 1 in Axes
   906 | D:2      | Reached skill level 1 in Maces & Flails
   906 | D:2      | Reached skill level 1 in Polearms
   906 | D:2      | Reached skill level 1 in Staves
   906 | D:2      | Reached skill level 1 in Slings
   906 | D:2      | Reached skill level 1 in Bows
   906 | D:2      | Reached skill level 1 in Crossbows
   906 | D:2      | Reached skill level 1 in Throwing
   906 | D:2      | Reached skill level 1 in Stealth
   906 | D:2      | Reached skill level 1 in Shields
   906 | D:2      | Reached skill level 1 in Unarmed Combat
   906 | D:2      | Reached skill level 1 in Evocations
   923 | D:2      | Reached XP level 4. HP: 23/38 MP: 11/11
   932 | D:2      | Learned a level 3 spell: Regeneration
   936 | D:2      | Learned a level 3 spell: Spectral Weapon
   942 | D:2      | You fall through a shaft!
  1524 | D:2      | Reached skill level 1 in Conjurations
  1524 | D:2      | Reached skill level 1 in Hexes
  1524 | D:2      | Reached skill level 1 in Summonings
  1524 | D:2      | Reached skill level 1 in Necromancy
  1524 | D:2      | Reached skill level 1 in Translocations
  1524 | D:2      | Reached skill level 1 in Transmutations
  1524 | D:2      | Reached skill level 1 in Fire Magic
  1524 | D:2      | Reached skill level 1 in Ice Magic
  1524 | D:2      | Reached skill level 1 in Air Magic
  1524 | D:2      | Reached skill level 1 in Earth Magic
  1524 | D:2      | Reached skill level 1 in Poison Magic
  1710 | D:3      | Reached XP level 5. HP: 37/43 MP: 12/12
  1835 | D:3      | Killed from afar by an orc priest

Vault maps used:
D:1:      erik_arrival_gehennom
D:2:      hangedman_decor_push
D:3:      lemuel_crystal_altar, marbit_many_paths, bloody_trog

Skill      XL: |  1  2  3  4 |
---------------+-------------+-----
Spellcasting   | 5 |  5.1
Invocations    | 1 |  1.5
Short Blades   | 1 |  1.4
Axes           | 1 |  1.4
Maces & Flails | 1 |  1.4
Polearms       | 1 |  1.4
Staves         | 1 |  1.4
Slings         | 1 |  1.4
Bows           | 1 |  1.4
Crossbows      | 1 |  1.4
Throwing       | 1 |  1.4
Stealth        | 1 |  1.4
Shields        | 1 |  1.4
Unarmed Combat | 1 |  1.4
Evocations     | 1 |  1.4
Conjurations   | 1 |  1.1
Hexes          | 1 |  1.1
Summonings     | 1 |  1.1
Necromancy     | 1 |  1.1
Translocations | 1 |  1.1
Transmutations | 1 |  1.1
Fire Magic     | 1 |  1.1
Ice Magic      | 1 |  1.1
Air Magic      | 1 |  1.1
Earth Magic    | 1 |  1.1
Poison Magic   | 1 |  1.1
Fighting       | |  4.7
Long Blades    | |  4.7
Armour         | |  2.9
Dodging        | |  4.7
Charms         | |  5.5

Action                   |  1- 3 |  4- 6 || total
-------------------------+-------+-------++-------
Melee: Falchion          |    98 |    73 ||   171
       Bite              |     7 |     5 ||    12
       Punch             |     1 |       ||     1
       Dagger            |       |     3 ||     3
 Cast: Regeneration      |       |     2 ||     2
       Song of Slaying   |       |     1 ||     1
       Shroud of Golubri |       |     1 ||     1
  Use: Scroll            |     1 |     5 ||     6
 Stab: Sleeping          |     5 |     1 ||     6
  Eat: Chunk             |       |     3 ||     3
Armor: Leather armour    |    16 |    22 ||    38
Dodge: Dodged            |    85 |    80 ||   165
       Rpst.: Falchion   |    21 |    26 ||    47

Table legend:
 A = Non-vault XP
 B = Vault XP
 C = Vault XP percentage of total XP
 D = Non-vault monster count
 E = Vault monster count
 F = Vault count percentage of total count
                 A         B        C        D         E       F
            +---------+---------+-------+---------+---------+-------
      Total |     190 |      17 |   8.2 |      57 |       5 |   8.1
            +---------+---------+-------+---------+---------+-------
        D:1 |      47 |      17 |  26.6 |      21 |       5 |  19.2
        D:2 |      70 |       0 |   0.0 |      22 |       0 |   0.0
        D:3 |      73 |       0 |   0.0 |      14 |       0 |   0.0
            +---------+---------+-------+---------+---------+-------
